 Dungeon Crawl Stone Soup version 0.26.1-2-gb8aa6d0cf2 (webtiles) character file.

Game seed: 8556153031636616166

87 Descartes the Shield-Bearer (level 4, -6/23 HPs)
             Began as a Vine Stalker Fighter on Feb 21, 2021.
             Was an Initiate of Vehumet.
             Mangled by a gnoll
             ... wielding a +0 spear
              (7 damage)
             ... on level 3 of the Dungeon.
             The game lasted 00:03:31 (1865 turns).

Descartes the Shield-Bearer (Vine Stalker Fighter)  Turns: 1865, Time: 00:03:31

Health: -6/23      AC:  6    Str: 18    XL:     4   Next: 51%
Magic:  0/8        EV:  7    Int:  9    God:    Vehumet [......]
Gold:   163        SH:  9    Dex: 14    Spells: 7/7 levels left

rFire    . . .     SeeInvis .   a - +0 war axe
rCold    . . .     Faith    .   c - +0 kite shield
rNeg     . . .     Spirit   +   b - +0 scale mail
rPois    .         Reflect  .   (no helmet)
rElec    .         Harm     .   (no cloak)
rCorr    .         Rampage  .   (no gloves)
Will     .....                  (no boots)
Stlth    ..........             (no amulet)
HPRegen  0.47/turn              (no ring)
MPRegen  0.11/turn              (no ring)

@: no status effects
A: fangs 2, regeneration 1, magic shield, antimagic bite, no potion heal 3
a: Renounce Religion


You were on level 3 of the Dungeon.
You worshipped Vehumet.
Vehumet was noncommittal.
You visited 1 branch of the dungeon, and saw 3 of its levels.

You collected 163 gold pieces.

Inventory:

Hand Weapons
 a - a +0 war axe (weapon)
Missiles
 e - 121 stones (quivered)
 h - 49 bolts
 j - 22 arrows
Armour
 b - a +0 scale mail (worn)
 c - a +0 kite shield (worn)
Scrolls
 f - 2 scrolls of magic mapping {unknown}
 g - 2 scrolls of enchant armour {unknown}
 k - 4 scrolls of fear {unknown}
 l - 2 scrolls of identify {unknown}
 m - a scroll of enchant weapon {unknown}
 n - a scroll of remove curse {unknown}
Potions
 d - a potion of might
 i - a potion of haste {unknown}


   Skills:
 - Level 2.6 Fighting
 + Level 2.7 Axes
 - Level 2.4 Armour
 + Level 3.4 Shields
 + Level 2.2 Spellcasting


You had 7 spell levels left.
You didn't know any spells.
Your spell library was empty.

Dungeon Overview and Level Annotations

Branches:
Dungeon (3/15)

Altars:
Elyvilon
Nemelex Xobeh
Vehumet
Wu Jian
Yredelemnul


Innate Abilities, Weirdness & Mutations

You have extremely sharp teeth.
Your natural rate of healing is unusually fast.
When hurt, damage is shared between your health and your magic reserves.
Your bite disrupts and absorbs the magic of your enemies.
Potions cannot restore your health.


Message History

You are too injured to fight recklessly!
You are too injured to fight recklessly!
You are too injured to fight recklessly!
You are too injured to fight recklessly!
You are too injured to fight recklessly!
You slash the gnoll!
The gnoll is heavily wounded.
You barely miss the gnoll. You block the gnoll's attack.
The gnoll hits you with a +1 flail of protection.
* * * LOW HITPOINT WARNING * * *
You closely miss the gnoll. Your bite misses the gnoll.
The gnoll is heavily wounded.
You completely miss the gnoll. You block the gnoll's attack.
The gnoll closely misses you. The gnoll hits you with a +0 spear!
* * * LOW HITPOINT WARNING * * *
Your shield prevents you from hitting the gnoll.
The gnoll is heavily wounded.
You hit the gnoll. The gnoll hits you but does no damage.
The gnoll hits you with a +0 spear!
You die...

... ..# ## ## #..#
... .. ###..# #..
#. #....# ##...#.
#....#
......g##....###
.....(g@.......#
...............####
##...#............#
#.. ###...#...#..#
## #..###†###.#
##..#...#..###
#...._......#
#..#...#..#.#
#.###.###.#.#


You could see 2 gnolls.

Vanquished Creatures
  3 adders (D:2)
  An ooze (D:2)
  2 worms (D:2)
  A dart slug (D:1)
  3 leopard geckos (D:2)
  8 bats
  4 giant cockroaches
  4 goblins
  3 hobgoblins
  3 jackals (D:1)
  A quokka (D:2)
  2 frilled lizards (D:1)
  4 kobolds
  5 rats (D:1)
44 creatures vanquished.

Notes
Turn   | Place    | Note
-------+----------+-------------------------------------------
     0 | D:1      | Descartes the Vine Stalker Fighter began the quest for the
                  | Orb.
     0 | D:1      | Reached XP level 1. HP: 11/11 MP: 2/2
   190 | D:1      | Reached XP level 2. HP: 14/16 MP: 2/4
   246 | D:1      | Reached skill level 1 in Spellcasting
   256 | D:1      | Reached skill level 3 in Shields
   658 | D:1      | Reached XP level 3. HP: 18/19 MP: 5/5
   987 | D:1      | You fall into a shaft and drop 1 floor!
   987 | D:2      | Found a sparkling altar of Nemelex Xobeh.
  1064 | D:2      | Found a white marble altar of Elyvilon.
  1289 | D:2      | Found a faded altar of an unknown god.
  1303 | D:2      | Gained mutation: Your natural rate of healing is unusually
                  | fast. [Vine Stalker growth]
  1303 | D:2      | Reached XP level 4. HP: 15/23 MP: 5/7
  1524 | D:2      | Found a basalt altar of Yredelemnul.
  1758 | D:2      | Found an ornate altar of the Wu Jian Council.
  1803 | D:3      | Found a radiant altar of Vehumet.
  1833 | D:3      | Became a worshipper of Vehumet
  1864 | D:3      | HP: 1/23 [gnoll/+0 spear (5)]
  1865 | D:3      | Mangled by a gnoll

Illustrated notes

Levels and vault maps discovered:
D:1:      dpeg_arrival_round_b, layout_loops_ring
D:2:      layout_loops_ring, old_standard_altar,
          nemelex_xobeh_ov_fountains_minmay, elyvilon_altar_3,
          nzn_wu_jian_council_hall, chequers_ecumenical_altar_simple
D:3:      cheibrodos_greedy_goblins, layout_loops_ring, vehumet_crystals,
          lightli_sewer_entry_pipes, uniq_crazy_yiuf_cottage, uniq_grinder

Skill      XL: |  1  2  3  4 |
---------------+-------------+-----
Axes           | 2 |  2.7
Spellcasting   | 1 2 |  2.2
Shields        | 3 |  3.4
Fighting       | |  2.6
Armour         | |  2.4

Action                   |  1- 3 |  4- 6 || total
-------------------------+-------+-------++-------
Melee: War axe           |    97 |    38 ||   135
       Bite              |    18 |     9 ||    27
Armor: Scale mail        |    57 |    13 ||    70
Dodge: Dodged            |    40 |    14 ||    54
Block: Kite shield       |    69 |    22 ||    91
